 Dungeon Crawl Stone Soup version 0.26-a0-639-g72c4674329 (webtiles) character file.

Game seed: 14990120932741179737

5015 Flugslaktarn the Cleaver (level 10, 53/96 HPs)
             Began as a Deep Dwarf Fighter on Sept 24, 2020.
             Was a Priest of Makhleb.
             Quit the game on level 8 of the Dungeon.
             The game lasted 00:04:36 (4799 turns).

Flugslaktarn the Cleaver (Deep Dwarf Fighter)       Turns: 4799, Time: 00:04:37

Health: 53/96      AC: 15    Str: 18    XL:     10   Next: 30%
Magic:  10/10      EV:  2    Int: 13    God:    Makhleb [***...]
Gold:   0          SH: 15    Dex: 16    Spells: 9/9 levels left

rFire    . . .     SeeInvis .   a - +0 war axe
rCold    . . .     Faith    .   e - +0 tower shield "Abaxzexu" {rN+ MR+ Str-4 Dex+4} (curse)
rNeg     + . .     Spirit   .   f - +0 plate armour
rPois    .         Reflect  .   h - +0 helmet {Int+3}
rElec    .         Harm     .   j - +0 cloak (curse)
rCorr    +         Rampage  .   (no gloves)
MR       ++...                  (no boots)
Stlth    ..........             (no amulet)
HPRegen  0.00/turn              o - ring of attention (curse)
MPRegen  0.12/turn              k - ring of resist corrosion

@: non-regenerating
A: damage resistance, heal wounds, sense surroundings 2, no regeneration
a: Heal Wounds, Minor Destruction, Lesser Servant of Makhleb, Renounce Religion


You were on level 8 of the Dungeon.
You worshipped Makhleb.
Makhleb was most pleased with you.
You visited 1 branch of the dungeon, and saw 8 of its levels.

Inventory:

Hand Weapons
 a - a +0 war axe (weapon)
Armour
 e - the cursed +0 tower shield "Abaxzexu" (worn) {rN+ MR+ Str-4 Dex+4}
   (You found it on level 5 of the Dungeon)

   It affects your strength (-4).
   It affects your dexterity (+4).
   It protects you from negative energy.
   It affects your resistance to hostile enchantments.
   It has a curse placed upon it.
 f - a +0 plate armour (worn)
   (You found it on level 1 of the Dungeon)
 h - a +0 helmet of intelligence (worn)
   (You found it on level 7 of the Dungeon)
 j - a cursed +0 cloak (worn)
   (You found it on level 5 of the Dungeon)
Jewellery
 k - a ring of resist corrosion (right hand)
   (You found it on level 5 of the Dungeon)
 o - a cursed ring of attention (left hand)
   (You found it on level 6 of the Dungeon)
Scrolls
 i - a scroll of enchant armour
 p - a scroll of enchant weapon {unknown}
 r - 2 scrolls of identify
 t - 3 scrolls of teleportation
 x - 3 scrolls of remove curse
 z - a scroll of blinking
Potions
 d - a potion of might
 q - a potion of mutation {unknown}


   Skills:
 * Level 8.0 Fighting
 * Level 9.3 Axes
 + Level 7.2 Armour
 + Level 7.1 Shields
 + Level 7.0 Invocations


You had 9 spell levels left.
You didn't know any spells.
Your spell library was empty.

Dungeon Overview and Level Annotations

Branches:
Dungeon (8/15)             Temple (0/1) D:7
   Lair: D:8-11

Altars:
Ashenzari
Cheibriados
Gozag
Hepliaklqana
Kikubaaqudgha
Makhleb
Okawaru
Sif Muna
Vehumet
Xom
Yredelemnul
Zin
The Shining One

Shops:
D:5 :   D:7 =

Annotations:
D:2 1 runed translucent door
D:5 1 runed translucent door
D:8 Maurice


Innate Abilities, Weirdness & Mutations

You are resistant to damage.
You can heal yourself by infusing magical energy.
You passively map the area around you.
You do not regenerate.


Message History

Maurice disappears!
You recover from your berserk rage.
Maurice throws a stone.
You block the stone.
You see here a stone.
You see here a stone.
You see here a stone.
Maurice gestures wildly while chanting.
Maurice flickers and vanishes!
Deactivating autopickup; reactivate with Ctrl-A.
You see here a stone.
Something blocks your attack. Something hits you but does no damage.
You miss something. Something hits you.
Something groans, "What are you, a monk?"
You hear some strange, mumbled words.
Something freezes you.
Autopickup is now on.
Are you sure you want to abandon this character and quit the game? (Confirm with "yes".)
Okay, then.
Unknown command.
Are you sure you want to abandon this character and quit the game? (Confirm with "yes".)

..# ####### ##.#.# *,,,,, ..#
#.....# ##..(.########..,** ..#*
#.....###........@......,,, #.,*
#...(..#......#.........,,,
*,,***#.............#.........,,,
*,,,,*#.....###.....#)####.#..,,,
****,*####### #.......# *,#,.,*,
*,,,,* ##.######***,,,,,,, *,,***
#@# *,,,,,,,*, *,** #.# *##
*,,,,,,,,, ,,******
#(#*#.##*,,,,,,,*,
****,,,*########.##...##.,,,,,,*,
***,,,,,........(#.......,,,,,,,,
,,,,,,,,#########.......#*,,,,,,,
***,,,,,* #.........,,,,**,*
**,,,** ##........,,,,,*,, *****
##.......*,,,,*,*


There were no monsters in sight!

Vanquished Creatures
  Pikel (D:7)
  A harpy (shapeshifter) (D:8)
  3 hippogriffs
  Sigmund (D:5)
  Eustachio (D:5)
  Menkaure (D:4)
  Duvessa (D:5)
  A water moccasin (D:8)
  Purgy (D:4)
  2 sky beasts
  A black bear (D:8)
  An ice beast (D:5)
  3 ogres
  5 centaurs
  4 lemures (D:7)
  A crocodile (D:6)
  A big kobold (D:8)
  Blork the orc (D:4)
  A bullfrog (D:6)
  Dowan (D:5)
  2 scorpions (D:6)
  6 killer bees (D:8)
  5 wights (D:6)
  2 howler monkeys
  4 crimson imps (D:4)
  An orc priest (D:3)
  3 hounds
  2 centaur skeletons (D:5)
  Jessica (D:2)
  2 iguanas
  An orc wizard (D:5)
  7 worker ants
  A howler monkey zombie (D:5)
  A worker ant zombie (D:5)
  7 gnolls
  8 adders
  A white imp (D:8)
  An ufetubus (D:3)
  An ooze (D:3)
  An adder skeleton (D:5)
  2 adder zombies (D:8)
  3 worms
  2 dart slugs
  6 leopard geckos
  12 orcs
  12 bats
  4 giant cockroaches
  3 goblins
  8 hobgoblins
  4 jackals (D:7)
  12 kobolds
  5 quokkas
  A ball python (D:3)
  5 frilled lizards
  A goblin zombie (D:2)
  2 leopard gecko skeletons
  4 rats
175 creatures vanquished.

Notes
Turn   | Place    | Note
-------+----------+-------------------------------------------
     0 | D:1      | Flugslaktarn the Deep Dwarf Fighter began the quest for the
                  | Orb.
     0 | D:1      | Reached XP level 1. HP: 20/20 MP: 1/1
   167 | D:2      | Reached XP level 2. HP: 24/27 MP: 2/2
   180 | D:2      | Found a faded altar of an unknown god.
   187 | D:2      | Noticed Jessica
   197 | D:2      | Killed Jessica
   197 | D:2      | Reached skill level 3 in Axes
   197 | D:2      | Reached XP level 3. HP: 30/34 MP: 3/3
   268 | D:2      | Found a runed translucent door.
   268 | D:2      | Noticed a human
   272 | D:2      | Found a basalt altar of Yredelemnul.
   451 | D:2      | Found a burning altar of Makhleb.
   451 | D:2      | Found a shattered altar of Ashenzari.
   452 | D:2      | Found a glowing silver altar of Zin.
   608 | D:2      | Reached XP level 4. HP: 34/42 MP: 4/4
   684 | D:3      | Reached XP level 5. HP: 50/50 MP: 4/4
   785 | D:2      | Became a worshipper of Makhleb the Destroyer
   854 | D:4      | Found a shimmering altar of Xom.
   877 | D:4      | Reached skill level 4 in Axes
   879 | D:4      | Reached skill level 1 in Invocations
   938 | D:4      | Found an ancient bone altar of Kikubaaqudgha.
   958 | D:4      | Reached XP level 6. HP: 53/57 MP: 5/5
  1033 | D:4      | Noticed Menkaure
  1041 | D:4      | Killed Menkaure
  1065 | D:4      | Noticed Blork the orc
  1083 | D:4      | Killed Blork the orc
  1167 | D:4      | Reached XP level 7. HP: 38/66 MP: 6/6
  1185 | D:4      | Noticed Purgy
  1191 | D:4      | Reached skill level 5 in Axes
  1199 | D:4      | Killed Purgy
  1437 | D:5      | Entered Level 5 of the Dungeon
  1445 | D:5      | Noticed Eustachio
  1448 | D:5      | Found a glowing golden altar of the Shining One.
  1467 | D:5      | Killed Eustachio
  1467 | D:5      | Reached skill level 5 in Fighting
  1467 | D:5      | Reached skill level 5 in Armour
  1498 | D:5      | Found a runed translucent door.
  1498 | D:5      | Noticed an angel
  1519 | D:5      | Reached * piety under Makhleb
  1533 | D:5      | Reached skill level 5 in Shields
  1548 | D:5      | Got a faintly humming tower shield
  1567 | D:5      | Identified the cursed +0 tower shield "Abaxzexu" {rN+ MR+
                  | Str-4 Dex+4} (You found it on level 5 of the Dungeon)
  1578 | D:5      | Found a snail-covered altar of Cheibriados.
  1696 | D:5      | Reached skill level 6 in Axes
  1696 | D:5      | Reached XP level 8. HP: 74/74 MP: 7/7
  1827 | D:5      | Found a basalt altar of Yredelemnul.
  1954 | D:5      | Noticed Sigmund
  1971 | D:5      | Killed Sigmund
  1986 | D:5      | Noticed Duvessa
  1986 | D:5      | Noticed Dowan
  2006 | D:5      | Killed Duvessa
  2008 | D:5      | Reached skill level 7 in Axes
  2013 | D:5      | Killed Dowan
  2047 | D:5      | Found a radiant altar of Vehumet.
  2047 | D:5      | Found an iron altar of Okawaru.
  2048 | D:5      | Found a basalt altar of Yredelemnul.
  2048 | D:5      | Found a glowing golden altar of the Shining One.
  2053 | D:5      | Found a hazy altar of Hepliaklqana.
  2055 | D:5      | Found a shimmering blue altar of Sif Muna.
  2055 | D:5      | Found an opulent altar of Gozag.
  2229 | D:5      | Found Kubuchurgh's Book Emporium.
  2452 | D:6      | Reached skill level 5 in Invocations
  2508 | D:6      | Gained mutation: You passively map the area around you.
                  | [Deep Dwarf growth]
  2508 | D:6      | Reached XP level 9. HP: 81/85 MP: 9/9
  2576 | D:6      | Reached ** piety under Makhleb
  3170 | D:7      | Reached skill level 8 in Axes
  3171 | D:7      | Found a staircase to the Ecumenical Temple.
  3441 | D:7      | Found Kewaid Gaup's Jewellery Emporium.
  3466 | D:7      | Noticed Pikel
  3498 | D:7      | Killed Pikel
  3998 | D:8      | Reached XP level 10. HP: 54/96 MP: 10/10
  4126 | D:8      | Reached skill level 9 in Axes
  4175 | D:8      | Noticed a harpy
  4175 | D:8      | a shapeshifter changed into a harpy
  4187 | D:8      | Killed a harpy
  4307 | D:8      | Reached *** piety under Makhleb
  4404 | D:8      | Noticed Maurice
  4799 | D:8      | Quit the game

Illustrated notes

Levels and vault maps discovered:
D:1:      dpeg_arrival_three_smaller_balls, layout_loops_ring,
          corexii_leaking_fountain, chequers_arboretum,
          hangedman_decor_diamond_cutter, minmay_misc_feat_pillars,
          lemuel_flame_loot_1
D:2:      layout_loops_ring, nicolae_overflow_hidden_temple,
          chequers_ecumenical_altar_simple_redux, minmay_misc_feat_five,
          dk_yredelemnul_ordeal, uniq_jessica
D:3:      layout_rooms, uniq_robin, uniq_crazy_yiuf_cottage
D:4:      layout_gridville, led_xom_imps, kiku_gazebo_pond_becter, uniq_purgy,
          uniq_blork_the_orc, uniq_menkaure
D:5:      layout_basic, nicolae_overflow_crystal_walls,
          grunt_temple_overflow_open, serial_shops, shop, basic_altar,
          lemuel_angel_altar, uniq_eustachio, uniq_sigmund, uniq_duvessa
D:6:      layout_rooms
D:7:      layout_gridville, minmay_temple_entry_from_below_b, serial_shops,
          shop, minmay_manual_mares, uniq_pikel
D:8:      layout_loops_cross, minmay_manual_maat, uniq_maurice

Skill      XL: |  1  2  3  4  5  6  7  8  9 10 |
---------------+-------------------------------+-----
Fighting       | 3 4 5 6 7 8 |  8.0
Axes           | 3 4 6 7 8 9 |  9.3
Armour         | 4 5 6 7 |  7.2
Shields        | 4 5 6 7 |  7.1
Invocations    | 1 2 3 5 6 7 |  7.0

Action                   |  1- 3 |  4- 6 |  7- 9 | 10-12 || total
-------------------------+-------+-------+-------+-------++-------
Melee: War axe           |   114 |   114 |   443 |   150 ||   821
 Abil: Heal Wounds       |       |     3 |    13 |     3 ||    19
Evoke: Wand              |       |       |       |     4 ||     4
  Use: Scroll            |       |     4 |     7 |       ||    11
       Potion            |       |       |     2 |     2 ||     4
 Stab: Paralysed         |       |       |       |     3 ||     3
Armor: Scale mail        |     9 |       |       |       ||     9
       Plate armour      |    80 |    98 |   365 |    89 ||   632
Dodge: Dodged            |    23 |    19 |    44 |    12 ||    98
Block: Kite shield       |    63 |    70 |    58 |       ||   191
       Tower shield      |       |       |   366 |    96 ||   462

Table legend: (Time is in decaauts)
 A = Elapsed time spent in this place.
 B = Non-inter-level travel time spent in this place.
 C = Inter-level travel time spent in this place.
 D = Time resting spent in this place.
 E = Time spent auto-exploring this place.
 F = Levels seen in this place.
 G = Mean time per level.
                   A        B        C        D        E       F      G
               +--------+--------+--------+--------+--------+-----+--------+
         Total |   5032 |   4751 |    281 |     16 |   3027 |   8 |  629.0 |
       Dungeon |   5032 |   4751 |    281 |     16 |   3027 |   8 |  629.0 |
               +--------+--------+--------+--------+--------+-----+--------+

Top non-repeatable levels by time:
     D:5: 1049 daAuts
     D:7: 957 daAuts
     D:8: 954 daAuts
     D:4: 620 daAuts
     D:6: 544 daAuts
     D:2: 523 daAuts
     D:3: 211 daAuts
     D:1: 170 daAuts
